 Dungeon Crawl Stone Soup version 0.21.0-3-g78d12a8 (webtiles) character file.

537 Faca the Cudgeler (level 7, -2/45 HPs)
             Began as a Gargoyle Fighter on Jan 17, 2018.
             Slain by Sigmund
             ... wielding a +0 scythe
              (8 damage)
             ... on level 4 of the Dungeon.
             The game lasted 00:04:52 (2760 turns).

Faca the Cudgeler (Gargoyle Fighter)                Turns: 2760, Time: 00:04:53

Health: -2/45      AC: 12    Str: 22    XL:     7   Next: 25%
Magic:  7/7        EV:  7    Int:  9    God:
Gold:   115        SH:  9    Dex: 11    Spells: 6/6 levels left

rFire    + . .     SeeInvis .   a - +0 flail
rCold    + . .     Gourm    .   c - +0 shield
rNeg     + + .     Faith    .   b - +0 scale mail
rPois    ∞         Spirit   .   l - +1 hat
rElec    +         Reflect  .   o - scarf {rC+ rF+}
rCorr    .         Harm     .   (no gloves)
MR       .....                  (no boots)
Stlth    ..........             (no amulet)
HPRegen  0.15/turn              e - +3 ring of strength
MPRegen  0.10/turn              r - ring of positive energy

@: no status effects
A: negative energy resistance 1, electricity resistance, unbreathing,
petrification resistance, rot immunity, AC +4
a: no special abilities


You were on level 4 of the Dungeon.
You were not hungry.

You visited 1 branch of the dungeon, and saw 4 of its levels.

You collected 115 gold pieces.

Inventory:

Hand Weapons
 a - a +0 flail (weapon)
Armour
 b - a +0 scale mail (worn)
 c - a +0 shield (worn)
 g - a +0 plate armour
 l - a +1 hat (worn)
 o - a scarf of resistance (worn)
Jewellery
 e - a +3 ring of strength (left hand)
 r - a ring of positive energy (right hand)
 s - an uncursed ring of protection from magic {unknown}
Scrolls
 h - 2 scrolls of identify {unknown}
 i - 2 scrolls of teleportation {unknown}
 j - 2 scrolls of fog {unknown}
 k - 6 scrolls of remove curse {unknown}
 q - 2 scrolls of magic mapping {unknown}
 t - a scroll of immolation {unknown}
Potions
 d - a potion of heal wounds {unknown}
 m - 2 potions of resistance {unknown}
 n - a potion of flight {unknown}
 p - a potion of cancellation {unknown}
Comestibles
 f - 2 rations


   Skills:
 + Level 5.7 Fighting
 * Level 6.4 Maces & Flails
 - Level 3.2 Armour
 - Level 3.2 Shields


You had 6 spell levels left.
You didn't know any spells.

Dungeon Overview and Level Annotations

Branches:
Dungeon (4/15)
 Temple: D:4-7

Altars:
Xom

Annotations:
D:4 Sigmund


Innate Abilities, Weirdness & Mutations

You are resistant to torment.
Your stone body is resilient. (AC +4)
You are immune to poison.
You resist negative energy. (rN+)
You are resistant to electric shocks. (rElec)
You can survive without breathing.
You are immune to petrification.
You are immune to rotting.


Message History

The puff of flame hits you! You resist.
You barely miss something. Something completely misses you.
Your shield and scale mail prevent you from hitting something.
You hear some strange, mumbled words.
Something tries to affect you, but you resist.
Your scale mail prevents you from hitting something.
Something hits you but does no damage.
You hit something. Something hits you but does no damage.
You barely miss something. Something hits you.
You miss something. You miss something. Something hits you!
You miss something.
You hear some strange, mumbled words.
A puff of flame appears from out of thin air!
The puff of flame hits you! You resist.
* * * LOW HITPOINT WARNING * * *
You closely miss something. Something hits you.
* * * LOW HITPOINT WARNING * * *
You closely miss something. Something hits you!
You die...

##.# #.## #..#
#.# #.## #.#
#.# #.#
#####.#### #.#
#........# #.#
#.###.##.# .
#.#
#.##.#####....
#.....@{......
#.....###..#.#
#.##..# #
#.##... ..
..### # ....
#####


There were no monsters in sight!

Vanquished Creatures
  The ghost of sleeves the Bolt Thrower, an amateur BaAM (D:3)
  Purgy (D:4)
  A phantom (D:4)
  A scorpion (D:4)
  5 adders
  An ooze (D:1)
  An adder skeleton (D:3)
  A worm (D:3)
  2 dart slugs (D:1)
  3 leopard geckos (D:2)
  7 orcs (D:3)
  8 bats
  4 giant cockroaches
  4 goblins (D:3)
  7 hobgoblins
  2 jackals (D:2)
  2 quokkas (D:3)
  A frilled lizard (D:1)
  2 kobolds
  7 rats
61 creatures vanquished.

Notes
Turn   | Place    | Note
-------+----------+-------------------------------------------
     0 | D:1      | Faca the Gargoyle Fighter began the quest for the Orb.
     0 | D:1      | Reached XP level 1. HP: 14/14 MP: 1/1
   223 | D:1      | Reached XP level 2. HP: 19/19 MP: 2/2
   726 | D:2      | Found a shimmering altar of Xom.
   772 | D:2      | Reached skill level 3 in Maces & Flails
   772 | D:2      | Reached XP level 3. HP: 24/24 MP: 3/3
  1082 | D:2      | Found a shimmering altar of Xom.
  1083 | D:2      | Found a shimmering altar of Xom.
  1093 | D:2      | Found a shimmering altar of Xom.
  1203 | D:3      | Reached XP level 4. HP: 29/29 MP: 4/4
  1459 | D:3      | Noticed sleeves's ghost (amateur BaAM)
  1468 | D:3      | Killed sleeves's ghost
  1468 | D:3      | Reached skill level 5 in Fighting
  1468 | D:3      | Reached skill level 5 in Maces & Flails
  1468 | D:3      | Reached XP level 5. HP: 22/35 MP: 5/5
  1468 | D:3      | Reached XP level 6. HP: 25/40 MP: 6/6
  2291 | D:4      | Noticed Purgy
  2309 | D:4      | Killed Purgy
  2309 | D:4      | Reached skill level 6 in Maces & Flails
  2312 | D:4      | Reached XP level 7. HP: 33/44 MP: 7/7
  2732 | D:4      | Noticed Sigmund
  2760 | D:4      | Slain by Sigmund

Skill      XL: |  1  2  3  4  5  6 |
---------------+-------------------+-----
Maces & Flails | 3 5 6 |  6.4
Fighting       | 4 5 |  5.7
Armour         | |  3.2
Shields        | |  3.2

Action                   |  1- 3 |  4- 6 |  7- 9 || total
-------------------------+-------+-------+-------++-------
Melee: Flail             |    91 |   104 |    47 ||   242
  Use: Potion            |       |     1 |       ||     1
  Eat: Chunk             |     1 |       |       ||     1
       Ration            |       |     1 |     1 ||     2
Armor: Scale mail        |    61 |    62 |    14 ||   137
Dodge: Dodged            |    42 |    27 |     5 ||    74
Block: Shield            |    54 |    51 |    13 ||   118
